 Dungeon Crawl Stone Soup version 0.30-a0-711-gf4ac18a38d (webtiles) character file.

Game seed: 8511967984830470754

723 Sabo the Conjurer (level 7, -1/41 HPs)
             Began as an Octopode Conjurer on Jan 22, 2023.
             Was an Initiate of Dithmenos.
             Slain by a killer bee (10 damage)
             ... on level 4 of the Dungeon.
             The game lasted 00:29:03 (5830 turns).

Sabo the Conjurer (Octopode Conjurer)               Turns: 5830, Time: 00:29:04

Health: -1/41      AC:  1    Str: 13    XL:     7   Next: 71%
Magic:  12/14      EV: 13    Int: 22    God:    Dithmenos [......]
Gold:   169        SH:  5    Dex: 10    Spells: 13/16 levels left

rFire   . . .      SeeInvis .    y - +5 dagger
rCold   . . .      Faith    .    (no shield)
rNeg    . . .      Spirit   .    (helmet restricted)
rPois   .          Reflect  +    f - amulet of reflection
rElec   .          Harm     .    r - +6 ring of strength
rCorr   .          Rampage  .    (no ring)
Will    .....                    (no ring)
Stlth   +++                      (no ring)
HPRegen 0.26/turn                (no ring)
MPRegen 0.14/turn                (no ring)
                                 (no ring)
                                 (no ring)

@: no status effects
A: almost no armour, amphibious, 8 rings, camouflage 1, gelatinous body 1,
(nimble swimmer 1), tentacles
a: Renounce Religion


You were on level 4 of the Dungeon.
You worshipped Dithmenos.
Dithmenos was noncommittal.
You visited 1 branch of the dungeon, and saw 4 of its levels.
You also visited: Sewer.

You collected 169 gold pieces.

Inventory:

Hand Weapons
 q - a +0 sling
 y - a +5 dagger (weapon)
Missiles
 e - 4 boomerangs (quivered)
 x - 13 poisoned darts
Armour
 h - a +0 kite shield
Jewellery
 f - an amulet of reflection (around mantle)
 r - a +6 ring of strength (left tentacle)
Scrolls
 a - a scroll of magic mapping {unknown}
 c - 2 scrolls of amnesia
 i - a scroll of fear
 k - a scroll of enchant weapon {unknown}
 m - 2 scrolls of enchant armour
 n - a scroll of vulnerability {unknown}
 o - 3 scrolls of blinking
 p - a scroll of teleportation {unknown}
 v - a scroll of immolation {unknown}
 B - 2 scrolls of silence
Potions
 d - a potion of mutation {unknown}
 g - a potion of haste {unknown}
 j - a potion of cancellation {unknown}
 t - 3 potions of heal wounds {unknown}
 u - a potion of magic
 w - a potion of might {unknown}
 z - 2 potions of brilliance {unknown}
 A - 2 potions of invisibility {unknown}


   Skills:
 + Level 0.2 Short Blades
 + Level 2.4 Throwing
 + Level 2.9 Dodging
 + Level 4.2 Stealth
 + Level 0.1 Shields
 + Level 5.0 Spellcasting
 + Level 6.2 Conjurations


You had 13 spell levels left.
You knew the following spells:

 Your Spells              Type           Power      Damage    Failure   Level
a - Magic Dart            Conj           100%       1d8       1%          1
b - Searing Ray           Conj           66%        2d6       1%          2

Your spell library contained the following spells:

 Spells                   Type           Power      Damage    Failure   Level
 Dazzling Flash           Conj/Hex       38%        N/A       9%          3
 Apportation              Tloc           10%        N/A       10%         1
 Fulminant Prism          Conj/Hex       9%         3d7       28%         4
 Iskenderun's Mystic Bla  Conj/Tloc      19%        2d6       28%         4
 Alistair's Intoxication  Tmut/Pois      3%         N/A       95%         5


Dungeon Overview and Level Annotations

Branches:
Dungeon (4/15)              Sewer (visited)
 Temple: D:4-7

Altars:
Dithmenos

Shops:
D:2 [


Innate Abilities, Weirdness & Mutations

You cannot wear most types of armour.
You are amphibious.
You can wear up to eight rings at the same time.
Your skin changes colour to match your surroundings (Stealth+).
Your rubbery body absorbs attacks. (AC +1, EV +1)
((You are camouflaged when in or above water. (Stealth+)))
You have tentacles for arms and can constrict up to eight enemies at once.


Message History

The killer bee is almost dead.
The killer bee closely misses you. The killer bee stings you.
* * * LOW HITPOINT WARNING * * *
You feel better. The killer bee misses you. The killer bee barely misses you.
You completely miss the killer bee. Your grab misses the killer bee.
Your squeeze misses the killer bee.
The killer bee is almost dead.
The killer bee closely misses you. The killer bee stings you!
* * * LOW HITPOINT WARNING * * *
You miss the killer bee. Your grab misses the killer bee.
Your squeeze misses the killer bee.
The killer bee is almost dead.
The killer bee closely misses you. The killer bee barely misses you.
You barely miss the killer bee. You grab the killer bee.
The killer bee is almost dead.
You constrict the killer bee.
You kill the killer bee!
Dithmenos accepts your kill. The killer bee stings you.
* * * LOW HITPOINT WARNING * * *
You are lethally poisoned!
The killer bee poisons you!
You feel better.
The killer bee stings you but does no damage.
The killer bee closely misses you.
You hit the killer bee. Your grab misses the killer bee.
The killer bee is moderately wounded.
You block the killer bee's attack. x2
You hit the killer bee. Your grab misses the killer bee.
Your squeeze misses the killer bee.
The killer bee is heavily wounded.
The killer bee closely misses you. x2
You hit the killer bee. You grab the killer bee.
The killer bee is severely wounded.
You constrict the killer bee. The killer bee stings you!
* * * LOW HITPOINT WARNING * * *
The killer bee stings you.
* * * LOW HITPOINT WARNING * * *
You feel better.
You constrict the killer bee. The killer bee stings you!
You die...

#.#####.#
#.##....#
#.##.##.#
#.##.##.#
#.......#
#...†...#
#.##.##.#
#.##.##.#
#@##..... #
#y##### # ..
#y#####.# ..
#######gS.....#
......yy...####
.. .#.......#.#
.. #$##.##.#.#
#...### .. #.
.. # #.... #S
##. #...# #


You could see 4 killer bees, an adder and a goblin.

Vanquished Creatures
  Grinder (Sewer)
  A kobold brigand (Sewer)
  A necrophage (Sewer)
  A scorpion (D:4)
  A wight (Sewer)
  2 killer bees (D:4)
  Natasha (twice) (D:2)
  4 gnolls (D:4)
  2 adders (D:2)
  2 shadow imps (Sewer)
  2 ufetubi
  A worm (D:2)
  4 dart slugs
  5 endoplasms
  5 giant cockroaches
  7 goblins
  4 hobgoblins
  21 kobolds
  8 quokkas
  10 ball pythons
  8 bats
  2 frilled lizards (D:2)
  7 rats
101 creatures vanquished.

Notes
Turn   | Place    | Note
-------+----------+-------------------------------------------
     0 | D:1      | Sabo the Octopode Conjurer began the quest for the Orb.
     0 | D:1      | Reached XP level 1. HP: 11/11 MP: 3/3
   257 | D:1      | Reached XP level 2. HP: 12/17 MP: 0/5
  1351 | D:2      | Noticed Natasha
  1355 | D:2      | Killed Natasha
  1356 | D:2      | Reached XP level 3. HP: 7/21 MP: 1/6
  1462 | D:2      | Learned a level 2 spell: Searing Ray
  1776 | D:2      | Reached XP level 4. HP: 23/27 MP: 4/7
  1780 | D:2      | Reached skill level 5 in Conjurations
  2120 | D:2      | Noticed Natasha
  2124 | D:2      | Killed Natasha
  2529 | D:2      | Found Acziet's Antique Armour Boutique.
  2987 | D:3      | Reached XP level 5. HP: 31/31 MP: 0/9
  4276 | D:4      | Found a glowing drain.
  4316 | Sewer    | Entered a sewer
  4555 | Sewer    | Found an ancient bone altar of Kikubaaqudgha.
  4708 | Sewer    | Noticed Grinder
  4718 | Sewer    | Paralysed by Grinder for 2 turns
  4733 | Sewer    | Killed Grinder
  4734 | Sewer    | Reached XP level 6. HP: 25/36 MP: 1/12
  4758 | Sewer    | Reached skill level 1 in Throwing
  4758 | Sewer    | Reached skill level 6 in Conjurations
  4758 | Sewer    | Reached XP level 7. HP: 24/41 MP: 2/13
  5647 | D:4      | Found a shadowy altar of Dithmenos.
  5651 | D:4      | Became a worshipper of Dithmenos the Shadowed
  5817 | D:4      | Reached skill level 5 in Spellcasting
  5829 | D:4      | HP: 1/41 [killer bee (3)]
  5830 | D:4      | Slain by a killer bee

Illustrated notes

Levels and vault maps discovered:
D:1:      ncdulo_lavacross, layout_basic, minmay_hedge_maze, moated_statue
D:2:      layout_loops_ring, serial_shops, nicolae_lakefront_shop,
          minmay_randomly_rotated_circles, uniq_natasha
D:3:      layout_basic, minmay_misc_feat_pillars
D:4:      layout_loops_cross, grunt_dithmenos_smoke_and_mirrors,
          gup_sewer_entry_pipe

Skill      XL: |  1  2  3  4  5  6  7 |
---------------+----------------------+-----
Stealth        | 3 4 |  4.2
Conjurations   | 5 6 |  6.2
Spellcasting   | 4 5 |  5.0
Throwing       | 1 2 |  2.4
Short Blades   | |  0.2
Dodging        | |  2.9
Shields        | |  0.1

Action                     |  1- 3 |  4- 6 |  7- 9 || total
---------------------------+-------+-------+-------++-------
  Melee: Short sword       |     9 |     3 |       ||    12
         Constrict         |     2 |     2 |     3 ||     7
         Tentacles         |     1 |     3 |       ||     4
         Dagger            |       |    11 |    17 ||    28
  Throw: Boomerang         |     3 |    24 |    10 ||    37
   Cast: Magic Dart        |    48 |   104 |    44 ||   196
    Use: Scroll            |     2 |     4 |     2 ||     8
         Potion            |     1 |       |     6 ||     7
 Armour: Skin              |     1 |       |     2 ||     3
  Dodge: Dodged            |    29 |     9 |    30 ||    68
  Block: Other             |     3 |     3 |    10 ||    16
         Reflection        |       |     2 |       ||     2

Table legend: (Time is in decaauts)
 A = Elapsed time spent in this place.
 B = Non-inter-level travel time spent in this place.
 C = Inter-level travel time spent in this place.
 D = Time resting spent in this place.
 E = Time spent auto-exploring this place.
 F = Levels seen in this place.
 G = Mean time per level.
                   A        B        C        D        E       F      G
               +--------+--------+--------+--------+--------+-----+--------+
         Total |   5835 |   5835 |      0 |   2291 |      0 |   5 | 1167.0 |
       Dungeon |   4776 |   4776 |      0 |   1636 |      0 |   4 | 1194.0 |
         Sewer |   1059 |   1059 |      0 |    655 |      0 |   1 | 1059.0 |
               +--------+--------+--------+--------+--------+-----+--------+

Top non-repeatable levels by time:
     D:2: 1578 daAuts
     D:1: 1350 daAuts
     D:3: 1243 daAuts
   Sewer: 1059 daAuts
     D:4: 604 daAuts
